 Dungeon Crawl Stone Soup version 0.29-a0-330-g52719c12eb (webtiles) character file.

Game seed: 15114062144337608475

242670 Aelig the Maledictor (level 19, -6/113 HPs)
             Began as a Vampire Enchanter on May 16, 2022.
             Was a High Priest of Sif Muna.
             Killed from afar by a war gargoyle (47 damage)
             ... with a spray of metal splinters
             ... led by a peacekeeper
             ... on level 2 of the Vaults on May 17, 2022.
             The game lasted 04:07:42 (64220 turns).

Aelig the Maledictor (Vampire Enchanter)           Turns: 64220, Time: 04:07:42

Health: -6/113     AC: 17    Str:  9    XL:     19   Next: 10%
Magic:  37/37      EV: 15    Int: 23    God:    Sif Muna [*****.]
Gold:   2433       SH:  6    Dex: 17    Spells: 6/46 levels left

rFire   + . .      SeeInvis +   a - +0 rapier (speed)
rCold   + + .      Faith    .   P - +0 buckler
rNeg    + + +      Spirit   .   O - +1 ring mail "Edghe" {rElec Str+2}
rPois   ∞          Reflect  .   h - +2 helmet
rElec   +          Harm     .   T - +2 cloak {Stlth+}
rCorr   .          Rampage  .   G - +0 pair of gloves
Will    ++...                   k - +0 pair of boots
Stlth   ++++++++..              W - amulet of magic regeneration
HPRegen 0.00/turn               K - ring of willpower
MPRegen 0.65/turn               R - ring of protection from fire

@: bloodless, inhibited regen
A: bloodless, fangs 3, see invisible, vampiric 2
}: 1/15 runes: serpentine
a: Bat Form, Revivify, Renounce Religion, Channel Magic, Forget Spell, Divine
Exegesis


You were on level 2 of the Vaults.
You worshipped Sif Muna.
Sif Muna was extremely pleased with you.
You visited 8 branches of the dungeon, and saw 36 of its levels.

You collected 4521 gold pieces.
You spent 2088 gold pieces at shops.

Inventory:

Hand Weapons
 a - a +0 rapier of speed (weapon)
 b - a +1 rapier of electrocution
Missiles
 e - 941 stones (quivered)
Armour
 h - a +2 helmet (worn)
 k - a +0 pair of boots (worn)
 m - a +0 kite shield of protection
 s - a +2 robe of fire resistance
 G - a +0 pair of gloves (worn)
 O - the +1 ring mail "Edghe" (worn) {rElec Str+2}
   (You found it on level 1 of the Shoals)

   Str:       It affects your strength (+2).
   rElec:     It insulates you from electricity.
 P - a +0 buckler (worn)
 T - a +2 cloak of stealth (worn)
Jewellery
 u - a ring of flight
 A - the ring of the Clam {rCorr Str+6 Int+5 Slay+3}
   (You acquired it on level 2 of the Orcish Mines)

   [ring of strength]

   Str:       It affects your strength (+6).
   Int:       It affects your intelligence (+5).
   Slay:      It affects your accuracy & damage with ranged weapons and melee
   (+3).
   rCorr:     It protects you from acid and corrosion.
 B - a ring of resist corrosion
 I - an amulet of faith
 K - a ring of willpower (left hand)
 R - a ring of protection from fire (right hand)
 W - an amulet of magic regeneration (around neck)
Wands
 x - a wand of acid (19)
 C - a wand of digging (10)
 E - a wand of charming (3)
 L - a wand of flame (9)
 M - a wand of iceblast (33)
 X - a wand of paralysis (5)
Scrolls
 g - 4 scrolls of enchant armour
 i - 9 scrolls of teleportation
 j - 3 scrolls of fear
 l - 6 scrolls of amnesia
 o - 3 scrolls of brand weapon
 p - 4 scrolls of summoning
 t - 2 scrolls of torment
 y - 6 scrolls of immolation
 J - 4 scrolls of vulnerability
 N - 2 scrolls of enchant weapon
 S - a scroll of silence
 Y - a scroll of magic mapping
 Z - 4 scrolls of fog
Potions
 d - 6 potions of haste
 f - 11 potions of lignification
 n - 3 potions of berserk rage
 q - 4 potions of mutation
 r - a potion of heal wounds
 v - 2 potions of might
 w - 3 potions of brilliance
 z - 3 potions of flight
 D - 8 potions of attraction
 F - 12 potions of curing
 H - 3 potions of resistance
 Q - 2 potions of cancellation
 U - 2 potions of magic


   Skills:
 - Level 10.6 Fighting
 - Level 14.0 Short Blades
 * Level 7.7 Armour
 - Level 12.0 Dodging
 - Level 14.2 Stealth
 - Level 7.7 Shields
 + Level 14.3 Spellcasting
 - Level 22.0 Hexes
 - Level 4.8 Necromancy
 - Level 8.0 Transmutations
 - Level 6.0 Ice Magic
 - Level 9.0 Invocations


You had 6 spell levels left.
You knew the following spells:

 Your Spells              Type           Power      Damage    Failure   Level
a - Ensorcelled Hibernat  Hex/Ice        100%       N/A       1%          2
b - Confusing Touch       Hex            87%        N/A       0%          3
c - Tukima's Dance        Hex            87%        N/A       0%          3
d - Dazzling Flash        Conj/Hex       100%       N/A       1%          3
e - Cause Fear            Hex            43%        N/A       0%          4
f - Enfeeble              Hex            43%        N/A       1%          7
g - Metabolic Englaciati  Hex/Ice        34%        N/A       1%          5
h - Ozocubu's Armour      Ice            44%        N/A       2%          3
i - Summon Mana Viper     Hex/Summ       61%        N/A       3%          5
k - Yara's Violent Unrav  Hex/Tmut       35%        3d14      1%          5

Your spell library contained the following spells:

 Spells                   Type           Power      Damage    Failure   Level
 Slow                     Hex            100%       N/A       0%          1
 Animate Skeleton         Necr           76%        N/A       1%          1
 Freeze                   Ice            100%       1d11      1%          1
 Pain                     Necr           100%       1d9       1%          1
 Sting                    Tmut/Pois      100%       1d8       1%          1
 Wereblood                Tmut           52%        N/A       1%          2
 Inner Flame              Hex/Fire       61%        N/A       1%          3
 Portal Projectile        Hex/Tloc       100%       N/A       1%          3
 Summon Guardian Golem    Hex/Summ       61%        N/A       1%          3
 Anguish                  Hex/Necr       33%        N/A       1%          4
 Fulminant Prism          Conj/Hex       30%        3d16      1%          4
 Leda's Liquefaction      Hex/Erth       30%        N/A       1%          4
 Sublimation of Blood     Necr           38%        N/A       2%          2
 Frozen Ramparts          Ice            88%        1d10      2%          3
 Passwall                 Tmut/Erth      28%        N/A       3%          2
 Silence                  Hex/Air        30%        N/A       3%          5
 Vampiric Draining        Necr           38%        2d8       4%          3
 Corpse Rot               Necr/Air       54%        N/A       6%          2
 Spider Form              Tmut/Pois      34%        N/A       6%          3
 Ice Form                 Ice/Tmut       48%        N/A       6%          4
 Foxfire                  Conj/Fire      64%        2x1d7     11%         1
 Sandblast                Erth           32%        2d9       11%         1
 Summon Small Mammal      Summ           64%        N/A       11%         1
 Ignite Poison            Fire/Tmut/Pois 28%        N/A       11%         3
 Blade Hands              Tmut           26%        N/A       11%         5
 Poisonous Vapours        Pois/Air       32%        N/A       16%         2
 Static Discharge         Conj/Air       16%        N/A       16%         2
 Animate Dead             Necr           19%        N/A       16%         4
 Petrify                  Tmut/Erth      34%        N/A       21%         4
 Hailstorm                Conj/Ice       30%        3d8       30%         4
 Call Canine Familiar     Summ           16%        N/A       32%         3
 Gell's Gravitas          Tloc           16%        N/A       32%         3
 Mephitic Cloud           Conj/Pois/Air  16%        N/A       32%         3
 Stone Arrow              Conj/Erth      32%        3d9       32%         3
 Swiftness                Air            16%        N/A       32%         3
 Teleport Other           Tloc           16%        N/A       32%         3
 Agony                    Necr           38%        N/A       38%         5
 Excruciating Wounds      Necr           19%        N/A       38%         5
 Alistair's Intoxication  Tmut/Pois      22%        N/A       50%         5
 Irradiate                Conj/Tmut      17%        3d19      50%         5
 Airstrike                Air            8%         N/A       71%         4
 Animate Armour           Summ/Erth      32%        N/A       71%         4
 Olgreb's Toxic Radiance  Pois           16%        N/A       71%         4
 Passage of Golubria      Tloc           16%        N/A       71%         4
 Sticky Flame             Conj/Fire      16%        2d4       71%         4
 Summon Lightning Spire   Summ/Air       16%        N/A       71%         4
 Borgnjor's Vile Clutch   Necr/Erth      13%        N/A       75%         5
 Freezing Cloud           Conj/Ice/Air   12%        6-21      78%         5
 Simulacrum               Ice/Necr       20%        N/A       88%         6
 Death Channel            Necr           19%        N/A       93%         6
 Lightning Bolt           Conj/Air       8%         1d20      96%         5
 Statue Form              Tmut/Erth      22%        N/A       97%         6
 Conjure Ball Lightning   Conj/Air       8%         3x3d6     100%        6
 Dispersal                Tloc           8%         N/A       100%        6
 Starburst                Conj/Fire      8%         6d4       100%        6
 Discord                  Hex            43%        N/A       9%          8
 Haunt                    Necr/Summ      13%        N/A       100%        7
 Ozocubu's Refrigeration  Ice            22%        4d9       100%        7
 Storm Form               Tmut/Air       17%        N/A       100%        7
 Disjunction              Tloc           8%         N/A       100%        8
 Infestation              Necr           19%        N/A       100%        8
 Lehudib's Crystal Spear  Conj/Erth      8%         10d3      100%        8
 Maxwell's Capacitive Co  Air            8%         ∞         100%        8
 Fire Storm               Conj/Fire      8%         8d2       100%        9
 Polar Vortex             Ice            22%        N/A       100%        9


Dungeon Overview and Level Annotations

Branches:
Dungeon (15/15)            Temple (1/1) D:6            Lair (6/6) D:9
 Shoals (4/4) Lair:2        Snake (4/4) Lair:2        Slime (0/5) Lair:5
    Orc (2/2) D:11            Elf (2/3) Orc:2        Vaults (2/5) D:14
 Depths (0/4) D:15
  Crypt: Vaults:2-3

Altars:
Ashenzari
Dithmenos
Elyvilon
Fedhas
Gozag
Hepliaklqana
Kikubaaqudgha
Nemelex Xobeh
Qazlal
Ru
Sif Muna
Uskayaw
Vehumet
Wu Jian
Xom
Yredelemnul
Zin
The Shining One

Shops:
D:3 (   D:8 **[   D:9 ?*   D:13 ?   Orc:2 :=**   Elf:1 *   Snake:2 !*(==:
Vaults:1 [

Annotations:
Lair:3 1 runed translucent door, exclusion: black mamba, Tribosh's ghost, journeyman GrEE
Lair:4 exclusion: death yak
Vaults:1 2 transporters, exclusion: obsidian statue


Innate Abilities, Weirdness & Mutations

You do not regenerate when monsters are visible.
You are frail without blood (-20% HP).
You can heal yourself when you bite living creatures.
You are immune to poison.
You have razor-sharp teeth.
You have supernaturally acute eyesight. (SInv)
You are afflicted with vampirism and can become a bat while bloodless.


Message History

The great orb of eyes is heavily wounded.
Your mana viper bites the great orb of eyes!
The great orb of eyes's magic leaks into the air.
The great orb of eyes bites you.
You puncture the great orb of eyes! Your bite misses the great orb of eyes.
The great orb of eyes is severely wounded.
You hit the great orb of eyes but do no damage.
You bite the great orb of eyes.
The great orb of eyes is severely wounded.
Your mana viper bites the great orb of eyes.
The great orb of eyes's magic leaks into the air.
Press: ? - help, v - describe, . - travel, g - get item
Here: a peacekeeper (heavily damaged) Item here: a +0 scale mail.
The floor, spattered with blood.
Unknown command.
You hit the great orb of eyes.
The great orb of eyes is almost dead.
Your mana viper bites the great orb of eyes!
The great orb of eyes dies!
Sif Muna accepts your kill.
You feel less invigorated.
Your mana viper bites the peacekeeper!
The war gargoyle launches metal splinters at you.
The spray of metal splinters hits your mana viper!!!
The spray of metal splinters hits you!!!
Ouch! That really hurt!
Blink to where?
Press: ? - help, Dir - move target, p - war gargoyle
As you read the scroll of blinking, it crumbles to dust.
The peacekeeper roars a battlecry!
As you read the scroll of fog, it crumbles to dust.
The scroll dissolves into smoke.
Your mana viper bites the war gargoyle!
There is an open door, spattered with blood here.
You see here a deep troll corpse.
There is a large open door here.
You enter the shallow water.
Moving in this stuff is going to be slow.
The war gargoyle launches metal splinters at you.
The spray of metal splinters hits you!!!
You die...

########..........#.......#...
T.....#..........#.......#...
###....#..........#.......#...
##.##...#..........#########.<.
##...##§§#......................
##.....##§#####################..
9..S<...§§#§§.##...#.......!. #..
##9..9.##§§§§####..#......... #..
##...##§§#§9§≈≈@..#......... #..
##.##...§§.'≈≈'..#......... #..
###....)..####..#......... #..
........#...##...'......... #..
##################......... #..
.........#......... #..
.........#......... #..
.........#'##########..
....................[..


You could see a war gargoyle (strong, catching breath).

Vanquished Creatures
  Vashnia (Snake:3)
  Nikola (Lair:2)
  11 nagarajas
  A frost giant (Vaults:1)
  An orc warlord (Orc:2)
  Louise (Snake:4)
  3 vault wardens (Vaults:1)
  Aizul (Snake:2)
  A deep elf elementalist (Elf:1)
  10 ironbound preservers
  A stone giant (D:15)
  2 very ugly things (Vaults:1)
  An ironbound thunderhulk (Vaults:1)
  A dire elephant (Lair:6)
  An ettin (Vaults:1)
  A deep elf death mage (Elf:2)
  A yaktaur captain (Vaults:1)
  4 merfolk impalers
  17 naga warriors
  2 vault guards (Vaults:1)
  Erolcha (Orc:2)
  4 boulder beetles
  A great orb of eyes (Vaults:1)
  4 ironbound frosthearts
  6 hydras
  4 merfolk avatars
  6 centaur warriors
  6 salamander tyrants
  9 anacondas
  9 dancing weapons
  A catoblepas (D:11)
  5 tengu warriors
  4 death yaks
  7 orc high priests
  3 two-headed ogres
  8 naga sharpshooters
  8 shock serpents
  3 deep elf knights
  9 salamander mystics
  4 skeletal warriors (D:14)
  A sea snake (shapeshifter) (D:14)
  24 deep trolls
  8 sea snakes
  3 wizards
  6 naga ritualists
  2 deep elf archers (Elf:1)
  6 orc knights (Orc:2)
  15 deep elf pyromancers
  13 deep elf zephyrmancers
  5 ironbound convokers
  Pikel (D:8)
  9 mana vipers
  3 orc sorcerers
  19 ugly things
  3 fauns (Shoals:1)
  7 cyclopes
  9 manticores
  13 salamanders
  9 guardian serpents
  4 merfolk sirens
  14 naga magi
  12 elephants
  Maurice (Orc:2)
  Joseph (D:8)
  3 water nymphs (Shoals:2)
  38 black mambas
  18 cane toads
  5 vault sentinels (Vaults:1)
  A cane toad (shapeshifter) (D:15)
  An eye of devastation (shapeshifter) (D:13)
  2 gargoyles (D:12)
  5 yaktaurs (Vaults:1)
  6 rime drakes
  4 unseen horrors
  2 kobold demonologists (D:11)
  12 komodo dragons
  10 merfolk
  A merfolk (shapeshifter) (D:14)
  7 trolls
  5 polar bears
  3 wind drakes (Shoals:2)
  A wolf spider simulacrum (D:15)
  3 hornets
  29 blink frogs
  13 slime creatures
  7 dream sheep
  5 snapping turtles
  6 water elementals
  2 air elementals
  12 spriggans (Lair:6)
  Sigmund (D:3)
  5 wyverns
  A wraith (D:11)
  A fire elemental (Elf:1)
  6 basilisks
  Eustachio (D:6)
  58 yaks
  6 vampire mosquitoes (D:13)
  2 steam dragons
  Menkaure (D:6)
  4 wargs
  29 nagas
  16 water moccasins
  A black bear (shapeshifter) (Elf:1)
  An ice beast (Vaults:2)
  23 orc warriors
  2 sky beasts
  8 boggarts
  8 black bears
  29 wolves
  7 ogres
  10 centaurs
  A lemure (D:8)
  A phantom (D:5)
  8 kobold brigands
  10 bullfrogs
  2 earth elementals (Elf:1)
  4 gnoll sergeants
  3 scorpions
  8 wights
  5 killer bees (D:10)
  4 electric eels
  3 howler monkeys
  A lava snake (D:9)
  A hound (D:5)
  A jelly (D:8)
  27 orc priests
  Crazy Yiuf (D:3)
  5 iguanas
  18 orc wizards
  11 gnolls
  5 adders
  A white imp (D:7)
  An ufetubus (D:6)
  3 worms
  75 orcs
  8 bats
  8 endoplasms
  4 giant cockroaches
  5 goblins
  11 hobgoblins
  9 jackals
  16 kobolds
  2 quokkas
  6 ball pythons
  6 frilled lizards
  2 rats (D:1)
1049 creatures vanquished.

Vanquished Creatures (collateral kills)
  An ettin (Vaults:1)
  A merfolk impaler (Shoals:2)
  3 naga warriors
  2 great orbs of eyes
  A centaur warrior (Shoals:1)
  A merfolk aquamancer (Shoals:1)
  A two-headed ogre (D:11)
  A satyr (Shoals:3)
  A naga sharpshooter (Snake:4)
  A naga ritualist (Snake:1)
  An ironbound convoker (Vaults:1)
  An orc knight (D:15)
  A salamander (Snake:3)
  2 merfolk sirens
  A naga mage (Snake:1)
  An efreet (D:14)
  A merfolk (Shoals:1)
  A dancing weapon (Orc:2)
  9 nagas
  11 orc warriors
  A kobold brigand (D:11)
  A gnoll sergeant (D:11)
  A wight (D:9)
  7 orc priests (Orc:2)
  2 orc wizards
  4 gnolls
  9 orcs
  A kobold (D:11)
68 creatures vanquished.

Vanquished Creatures (others)
  3 deep elf pyromancers
  A black mamba (Snake:3)
  29 dancing weapons
  A naga (Snake:4)
  4 bushes
  70 fungi
  159 plants
267 creatures vanquished.

Grand Total: 1384 creatures vanquished

Notes
Turn   | Place    | Note
-------+----------+-------------------------------------------
     0 | D:1      | Aelig the Vampire Enchanter began the quest for the Orb.
     0 | D:1      | Reached XP level 1. HP: 13/13 MP: 3/3
   177 | D:1      | Reached XP level 2. HP: 14/19 MP: 5/5
   180 | D:1      | Learned a level 2 spell: Ensorcelled Hibernation
   293 | D:1      | Reached skill level 5 in Hexes
   928 | D:1      | Found a faded altar of an unknown god.
   957 | D:1      | Gained mutation: You are afflicted with vampirism and can
                  | become a bat while bloodless. [Vampire growth]
   957 | D:1      | Reached XP level 3. HP: 20/24 MP: 2/6
   969 | D:1      | Learned a level 3 spell: Confusing Touch
  1594 | D:2      | Reached skill level 6 in Hexes
  1594 | D:2      | Reached XP level 4. HP: 30/30 MP: 4/7
  2147 | D:2      | Identified the +2 short sword of Baleh {vorpal, +Blink
                  | Will- Int+4}
  2189 | D:2      | Found a sparkling altar of Nemelex Xobeh.
  2234 | D:3      | Found Ugeidgh's Antique Weapon Shop.
  2271 | D:3      | Noticed Sigmund
  2351 | D:3      | Found a radiant altar of Vehumet.
  2706 | D:3      | Found a runed translucent door.
  2707 | D:3      | Noticed Crazy Yiuf
  3070 | D:4      | Reached XP level 5. HP: 28/28 MP: 5/8
  3344 | D:4      | Noticed an ogre
  3352 | D:4      | Learned a level 3 spell: Tukima's Dance
  3432 | D:4      | Reached skill level 7 in Hexes
  3499 | D:4      | Found a sacrificial altar of Ru.
  3500 | D:4      | Found a shadowy altar of Dithmenos.
  3500 | D:4      | Found a shimmering altar of Xom.
  3501 | D:4      | Found a stormy altar of Qazlal.
  3648 | D:4      | Reached XP level 6. HP: 32/32 MP: 9/9
  4017 | D:5      | Entered Level 5 of the Dungeon
  4077 | D:5      | Reached skill level 5 in Short Blades
  4077 | D:5      | Reached skill level 8 in Hexes
  4146 | D:5      | Found a basalt altar of Yredelemnul.
  4735 | D:5      | Reached XP level 7. HP: 36/36 MP: 2/10
  4914 | D:5      | Reached skill level 9 in Hexes
  5643 | D:6      | Noticed Eustachio
  5940 | D:6      | Reached skill level 10 in Hexes
  6090 | D:6      | Reached XP level 8. HP: 35/41 MP: 4/11
  6099 | D:6      | Learned a level 3 spell: Dazzling Flash
  6166 | D:6      | Reached skill level 11 in Hexes
  6370 | D:6      | HP: 2/41 [orc/+0 dagger (4)]
  6805 | D:6      | Noticed Menkaure
  6812 | D:6      | Found a staircase to the Ecumenical Temple.
  6822 | Temple   | Entered the Ecumenical Temple
  6849 | Temple   | Became a worshipper of Sif Muna the Loreminder
  7434 | D:7      | Reached skill level 12 in Hexes
  8367 | D:7      | Reached XP level 9. HP: 45/45 MP: 4/12
  8810 | D:8      | Reached skill level 13 in Hexes
  8851 | D:8      | Noticed Joseph
  8968 | D:8      | Reached skill level 1 in Fighting
  8968 | D:8      | Reached skill level 5 in Stealth
  9065 | D:8      | Killed Joseph
  9066 | D:8      | Reached skill level 10 in Short Blades
  9151 | D:8      | Noticed Pikel
  9181 | D:8      | Killed Pikel
  9245 | D:8      | Found Onyisyg's Elemental Accessories.
  9255 | D:8      | Found Busi Uxo's Neck Hole.
  9361 | D:8      | Reached * piety under Sif Muna
  9409 | D:8      | Reached skill level 14 in Hexes
  9521 | D:8      | Found Bahram Gur's Dragon-Slaying Spoils.
  9894 | D:9      | Reached XP level 10. HP: 40/56 MP: 3/13
 10548 | D:9      | Reached skill level 15 in Hexes
 10643 | D:9      | Found a staircase to the Lair.
 10753 | D:9      | Reached skill level 10 in Stealth
 10846 | D:9      | Reached skill level 5 in Fighting
 10920 | D:9      | Found Eaxucog's Eclectic Emporium.
 11011 | D:9      | Found an opulent altar of Gozag.
 11069 | D:9      | Noticed a tengu warrior
 11082 | D:9      | Killed a tengu warrior
 11206 | D:9      | Reached XP level 11. HP: 54/64 MP: 10/16
 11210 | D:9      | Reached ** piety under Sif Muna
 11428 | D:9      | Found Babiuff's Magic Scroll Boutique.
 11579 | D:9      | Reached skill level 5 in Dodging
 11915 | D:10     | Entered Level 10 of the Dungeon
 12115 | D:8      | Bought an amulet of faith for 480 gold pieces
 12138 | Lair:1   | Entered Level 1 of the Lair of Beasts
 12653 | Lair:1   | Noticed a six-headed hydra
 12738 | Lair:1   | Killed a six-headed hydra
 12941 | Lair:1   | Reached skill level 16 in Hexes
 13293 | Lair:1   | Identified the +6 scale mail "Finuwk" {rC+}
 14186 | Lair:2   | Found a staircase to the Shoals.
 14239 | Lair:2   | Reached *** piety under Sif Muna
 14318 | Lair:2   | Found a staircase to the Snake Pit.
 14933 | Lair:2   | Reached XP level 12. HP: 53/72 MP: 7/18
 15332 | Lair:3   | Noticed a five-headed hydra
 15337 | Lair:3   | Killed a five-headed hydra
 15358 | Lair:3   | Found a runed translucent door.
 15358 | Lair:3   | Noticed Tribosh's ghost (journeyman GrEE)
 15438 | Lair:3   | Noticed an eight-headed hydra
 15456 | Lair:3   | Noticed a seven-headed hydra
 15581 | Lair:3   | Reached skill level 17 in Hexes
 16079 | Lair:3   | Killed an eight-headed hydra
 16515 | Lair:3   | Noticed a death yak
 16906 | Lair:4   | Reached **** piety under Sif Muna
 16909 | Lair:4   | Noticed a four-headed hydra
 16949 | Lair:4   | Killed a four-headed hydra
 17402 | Lair:4   | Noticed a death yak
 17727 | Lair:5   | Reached skill level 18 in Hexes
 18120 | Lair:5   | Identified a scroll of acquirement
 18121 | Lair:5   | Acquired a ring of magical power
 18502 | Lair:5   | Reached XP level 13. HP: 66/78 MP: 16/19
 18507 | Lair:5   | Reached skill level 10 in Dodging
 18792 | Lair:5   | Reached ***** piety under Sif Muna
 18819 | Lair:5   | Received a gift from Sif Muna
 18822 | Lair:5   | Got Sif Muna's Collected Works on the Lethal Birds {god
                  | gift}
 18966 | Lair:5   | Reached skill level 19 in Hexes
 19079 | Lair:5   | Found a staircase to the Slime Pits.
 19104 | Lair:5   | Learned a level 4 spell: Cause Fear
 19572 | D:3      | Killed Crazy Yiuf
 19634 | D:3      | Killed Sigmund
 19936 | D:6      | Killed Menkaure
 19994 | D:6      | Killed Eustachio
 20391 | D:10     | Learned a level 5 spell: Yara's Violent Unravelling
 20927 | D:11     | Reached skill level 1 in Transmutations
 21848 | D:11     | Identified the +0 leather armour of Keshriot {Fly rPois}
 22091 | D:11     | Reached skill level 5 in Spellcasting
 22318 | D:11     | Found a staircase to the Orcish Mines.
 22703 | Orc:1    | Entered Level 1 of the Orcish Mines
 23175 | Orc:2    | Entered Level 2 of the Orcish Mines
 23185 | Orc:2    | Noticed an orc warlord
 23186 | Orc:2    | Received a gift from Sif Muna
 23529 | Orc:2    | Got Watesua's Papyrus of Noxious Hexes {god gift}
 23662 | Orc:2    | Killed an orc warlord
 23858 | Orc:2    | Noticed Erolcha
 23966 | Orc:2    | Found a staircase to the Elven Halls.
 24324 | Orc:2    | Reached XP level 14. HP: 86/86 MP: 21/22
 24895 | Orc:2    | Reached skill level 20 in Hexes
 24895 | Orc:2    | Reached skill level 5 in Transmutations
 25517 | Orc:2    | Found Deoxkine's General Store.
 25517 | Orc:2    | Found Vifeilie's Book Shoppe.
 25518 | Orc:2    | Found Jihich's General Store.
 25518 | Orc:2    | Found Dubumob's Jewellery Shoppe.
 25650 | Orc:2    | Noticed Maurice
 25922 | Lair:3   | Received a gift from Sif Muna
 25925 | Lair:3   | Got Sif Muna's Disquisition on Unholy Ice {god gift}
 26487 | Lair:6   | Entered Level 6 of the Lair of Beasts
 28237 | Lair:6   | Reached skill level 21 in Hexes
 28960 | Lair:6   | Received a gift from Sif Muna
 28963 | Lair:6   | Got Sif Muna's Reference Book on Enthralling Changing {god
                  | gift}
 30076 | Lair:6   | Reached skill level 22 in Hexes
 30155 | Lair:6   | Learned a level 7 spell: Enfeeble
 30389 | D:9      | Bought a scroll of identify for 28 gold pieces
 30389 | D:9      | Bought a scroll of blinking for 105 gold pieces
 30728 | D:12     | You fall into a shaft and drop 3 floors!
 30728 | D:15     | Entered Level 15 of the Dungeon
 30828 | D:15     | HP: 3/86 [acid (10)]
 31267 | D:15     | Reached skill level 1 in Necromancy
 31495 | D:13     | Found Filinonu's Magic Scroll Emporium.
 31505 | D:13     | Bought a scroll of identify for 34 gold pieces
 31505 | D:13     | Bought a scroll of identify for 34 gold pieces
 31505 | D:13     | Bought a scroll of teleportation for 51 gold pieces
 31505 | D:13     | Bought a scroll of identify for 34 gold pieces
 31505 | D:13     | Bought a scroll of identify for 34 gold pieces
 31715 | D:13     | Reached XP level 15. HP: 89/90 MP: 27/27
 31957 | D:13     | Received a gift from Sif Muna
 31967 | D:13     | Got Sif Muna's Casting Continued {god gift}
 32835 | D:12     | Found a sacrificial altar of Ru.
 34074 | D:14     | Found a gate to the Vaults.
 34522 | D:14     | Learned a level 5 spell: Metabolic Englaciation
 34980 | Snake:1  | Entered Level 1 of the Snake Pit
 34996 | Snake:1  | Reached skill level 1 in Ice Magic
 35418 | Snake:1  | Reached skill level 10 in Spellcasting
 35842 | Snake:1  | Got the Catalogue of Blistering Darkness
 36629 | Snake:1  | Received a gift from Sif Muna
 37129 | Snake:2  | Reached skill level 5 in Ice Magic
 37421 | Snake:2  | You fall into a shaft and drop 1 floor!
 37752 | Snake:2  | Reached skill level 1 in Invocations
 38465 | Snake:2  | Found Paanerhy's Weapon Shop.
 38466 | Snake:2  | Found Liase's Assorted Antiques.
 38478 | Snake:2  | Bought a scroll of teleportation for 90 gold pieces
 38489 | Snake:2  | Found Plog's Distillery.
 38503 | Snake:2  | Bought a potion of heal wounds for 65 gold pieces
 38503 | Snake:2  | Bought a potion of curing for 39 gold pieces
 38503 | Snake:2  | Bought a potion of resistance for 130 gold pieces
 38503 | Snake:2  | Bought a potion of heal wounds for 65 gold pieces
 38630 | Snake:2  | Reached XP level 16. HP: 96/96 MP: 30/30
 39150 | Snake:2  | Found Ixom's Jewellery Emporium.
 39151 | Snake:2  | Found Hutreil's Book Boutique.
 39152 | Snake:2  | Found Inol's Jewellery Emporium.
 39170 | Snake:2  | Bought Ozocubu's Autobiography for 288 gold pieces
 39174 | Snake:2  | Learned a level 3 spell: Ozocubu's Armour
 39429 | Snake:3  | Noticed Aizul
 39448 | Snake:2  | Killed Aizul
 39566 | Snake:3  | Reached skill level 5 in Invocations
 40539 | Snake:3  | Received a gift from Sif Muna
 41219 | Snake:3  | Noticed Vashnia
 41932 | Snake:3  | Killed Vashnia
 42212 | Snake:4  | Entered Level 4 of the Snake Pit
 42212 | Snake:4  | Noticed Louise
 42342 | Shoals:1 | Entered Level 1 of the Shoals
 43623 | Shoals:1 | Identified the +1 ring mail "Edghe" {rElec Str+2}
 43889 | Shoals:1 | Noticed Nikola
 45167 | Shoals:1 | Reached skill level 1 in Shields
 45207 | Shoals:1 | Received a gift from Sif Muna
 45208 | Shoals:1 | Got Xapsugge's Grimoire of Ghastly Enchantment {god gift}
 46068 | Lair:2   | Killed Nikola
 47342 | Orc:2    | Bought a +1 helmet for 161 gold pieces
 48076 | Shoals:2 | Noticed a kraken
 48239 | Shoals:2 | Reached XP level 17. HP: 100/100 MP: 33/33
 48248 | Shoals:2 | Acquired 777 gold pieces
 48938 | Shoals:3 | Reached skill level 5 in Shields
 49700 | Snake:4  | Received a gift from Sif Muna
 52812 | Snake:4  | Killed Louise
 52929 | Snake:4  | Received a gift from Sif Muna
 53187 | Snake:4  | Got Sif Muna's Catalogue of the Blaze and Stolen Souls {god
                  | gift}
 55918 | Snake:4  | Got a serpentine rune of Zot
 57312 | D:15     | Reached skill level 10 in Fighting
 57569 | D:15     | Found a hide-covered altar of Uskayaw.
 57969 | D:15     | Reached XP level 18. HP: 107/107 MP: 34/34
 57972 | D:15     | Found a staircase to the Depths.
 58423 | Elf:1    | Entered Level 1 of the Elven Halls
 58711 | Orc:2    | Killed Maurice
 58724 | Orc:2    | Killed Erolcha
 59015 | Orc:2    | Acquired the ring of the Clam {rCorr Str+6 Int+5 Slay+3}
 59668 | Elf:1    | Learned a level 4 spell: Anguish
 60193 | Elf:1    | Learned a level 5 spell: Summon Mana Viper
 60235 | Elf:1    | Paralysed by an air elemental for 1 turns
 60239 | Elf:1    | Paralysed by an air elemental for 1 turns
 60251 | Elf:1    | Paralysed by an air elemental for 1 turns
 60258 | Elf:1    | Reached skill level 1 in Armour
 60411 | Elf:1    | Found Cuar's Overcharged Wands.
 60417 | Elf:1    | Bought a wand of digging (11) for 450 gold pieces
 61315 | Shoals:4 | Entered Level 4 of the Shoals
 61783 | Vaults:1 | Entered Level 1 of the Vaults
 61954 | Vaults:1 | Paralysed by a great orb of eyes for 6 turns
 62090 | Vaults:1 | Reached skill level 5 in Armour
 62625 | Vaults:1 | Found a transporter.
 62629 | Vaults:1 | Found Qaixech's Armour Shoppe.
 63446 | Vaults:1 | Identified the ring "Myovaq" {rPois rC+ Will+ Int+4}
 63458 | Vaults:1 | Found a transporter.
 63482 | Vaults:1 | Identified the +0 leather armour of Qasautul {Harm}
 63905 | Vaults:2 | Received a gift from Sif Muna
 63918 | Vaults:2 | Got Sif Muna's Compendium of Doomed Moulding {god gift}
 63968 | Vaults:2 | Reached XP level 19. HP: 113/113 MP: 37/37
 64220 | Vaults:2 | Killed from afar by a war gargoyle

Illustrated notes

Levels and vault maps discovered:
D:1:      tarquinn_simple_flora_water_d, layout_basic,
          hellmonk_ecumenical_altar_pennies_from_heaven
D:2:      layout_rooms, basic_altar, kennysheep_small_spiral
D:3:      layout_basic, vehumet_crystals, serial_shops, shop, uniq_sigmund,
          uniq_crazy_yiuf_cottage
D:4:      layout_gridville, chequers_temple_overflow_statue_of_worship,
          hangedman_decor_slide_cut
D:5:      layout_rooms, kennysheep_ying_yang, serial_corexii_hall,
          corexii_hall_statues_i, corexii_hall_statues_t, kennysheep_dice
D:6:      layout_basic, minmay_temple_entry_glassed_door,
          hangedman_decor_growths, uniq_eustachio, uniq_menkaure
D:7:      layout_gridville, st_stairs_4
D:8:      layout_gridville, nicolae_shop_dragon_depot, nicolae_elemental_shop,
          nicolae_shop_sticking_my_neck_out, uniq_joseph, uniq_pikel
D:9:      layout_irregular_city, mainiacjoe_overflow_24_doors,
          lemuel_round_altar, minmay_lair_entry_grove,
          nicolae_inconvenience_store, nicolae_alphabet_shops
D:10:     layout_irregular_city
D:11:     layout_cave_pods, kennysheep_orc_monster_closet_entryway
D:12:     layout_loops_ring, nicolae_ru_awakened_eye
D:13:     layout_stronghold, serial_shops, shop
D:14:     layout_basic, erik_vaults_1, serial_park_paths
          [serial_park_minivault_5x5_3]
D:15:     grunt_enter_depths_snipers, layout_stronghold,
          nicolae_uskayaw_en_pointe
Temple:   nicolae_temple_god_jail
Lair:1:   layout_layer_cave, nicolae_lair_grove_arrangements, nzn_random_ring
Lair:2:   layout_cave_pods, minmay_shoals_entry_hut,
          minmay_snake_entry_guardpost_small
Lair:3:   layout_small_grid, ebering_ghost_inner_flame,
          nicolae_quartered_pool_impasse, hangedman_lair_generics_rect
Lair:4:   layout_cave_pods, minivault_27
Lair:5:   layout_regular_city, slime_dummy, st_stairs_13, beast_lair_carwin_2
Lair:6:   minmay_lair_end_enchanted_forest, layout_regular_city,
          wad_woods_river_01, infiniplex_staircase_pool
Shoals:1: layout_shoals, uniq_nikola
Shoals:2: layout_shoals, nicolae_shoals_hunting_party
Shoals:3: layout_shoals, nicolae_shoals_dead_sea_scrolls
Shoals:4: shoals_end_grunt_ice, layout_shoals, nicolae_shoals_elemental_ambush
Snake:1:  layout_honeycomb
Snake:2:  layout_layer_cave, nicolae_snake_serpentine_bazaar,
          grunt_megastairs_2, serial_bayou_shore_a, minmay_shop_grove
Snake:3:  nicolae_snakescales, layout_grid_shapes, st_stairs_9, uniq_vashnia,
          uniq_aizul
Snake:4:  snake_hunt, layout_cave_town, st_stairs_14, uniq_louise
Orc:1:    layout_diamond_mine
Orc:2:    st_orc_pillars, layout_caves, elves_outpost_lemuel, uniq_erolcha,
          uniq_maurice
Elf:1:    nicolae_elf_arrival_no_cutting_in_line, layout_gridlike,
          evilmike_minifort, nicolae_shop_overcharged_wands
Elf:2:    nicolae_elf_blades_crystal_corner, layout_rooms, serial_shops, shop,
          einodemon_barbed_minivault
Vaults:1: vaults_mumra_minichess_inversion, ontoclasm_vaults_tryst,
          nicolae_vaults_circle_grid_b, nicolae_vaults_alarming,
          nicolae_vaults_little_squares_4, gammafunk_sealed_arena,
          grunt_vaults_swirl, vaults_dpeg_spiral, dpeg_vaults_monster_box,
          vaults_room_semicircle, v_pattern_2, v_misc_12, layout_vaults_omnibox
Vaults:2: ontoclasm_vaults_decontamination, nicolae_vaults_angled_halls,
          nicolae_vaults_ninety_degrees, hangedman_vaults_locks,
          vaults_standard_mumra_enter_the_diamond, serial_ice_m,
          v_alt_pattern_3, v_misc_3, vaults_room_door_ring,
          vaults_mumra_minichess, vaults_room_hallway, vaults_room_fours,
          ontoclasm_vaults_loading_screen, layout_vaults_omnicross

Skill      XL: |  1  2  3  4  5  6  7  8  9 10 11 12 13 14 15 16 17 18 |
---------------+-------------------------------------------------------+-----
Hexes          | 5 6 7 8 10 12 14 15 16 18 19 22 | 22.0
Short Blades   | 2 3 4 5 7 9 10 14 | 14.0
Fighting       | 3 5 7 8 9 10 | 10.6
Stealth        | 7 10 12 14 | 14.2
Dodging        | 4 7 9 11 12 | 12.0
Spellcasting   | 3 4 5 8 10 12 14 | 14.3
Transmutations | 4 7 8 |  8.0
Necromancy     | 1 4 |  4.8
Ice Magic      | 6 |  6.0
Invocations    | 3 9 |  9.0
Shields        | 4 6 7 |  7.7
Armour         | 7 |  7.7

Action                   |  1- 3 |  4- 6 |  7- 9 | 10-12 | 13-15 | 16-18 | 19-21 || total
-------------------------+-------+-------+-------+-------+-------+-------+-------++-------
Melee: Dagger            |    99 |   141 |   258 |   413 |  1652 |   419 |       ||  2982
       Bite              |     6 |     7 |    25 |    46 |   261 |   312 |     9 ||   666
       Punch             |       |     1 |     5 |     3 |    29 |     4 |       ||    42
       Rapier            |       |       |       |       |       |  1431 |    57 ||  1488
Throw: Stone             |     1 |       |     1 |     7 |     8 |     7 |       ||    24
 Cast: Ensorcelled Hiber |    18 |    36 |    52 |   111 |   164 |   135 |       ||   516
       Tukima's Dance    |       |     1 |     2 |     8 |   109 |   138 |       ||   258
       Confusing Touch   |       |       |    21 |    54 |    90 |   108 |     6 ||   279
       Dazzling Flash    |       |       |     1 |    15 |   110 |    80 |       ||   206
       Yara's Violent Un |       |       |       |       |    12 |    55 |     1 ||    68
       Cause Fear        |       |       |       |       |    19 |    57 |     1 ||    77
       Enfeeble          |       |       |       |       |    26 |   111 |     4 ||   141
       Metabolic Englaci |       |       |       |       |     5 |    51 |       ||    56
       Ozocubu's Armour  |       |       |       |       |       |    35 |     2 ||    37
       Summon Mana Viper |       |       |       |       |       |     6 |     1 ||     7
Invok: Channel Magic     |       |       |       |       |       |     5 |     1 ||     6
 Abil: Exsanguinate      |     1 |     1 |       |       |       |       |       ||     2
       End Transformatio |       |       |       |       |     2 |       |       ||     2
       Bat Form          |       |       |       |       |     2 |       |       ||     2
Evoke: Wand              |       |       |       |       |     4 |     1 |       ||     5
  Use: Scroll            |       |     5 |     6 |     7 |    19 |    18 |     2 ||    57
       Potion            |       |       |     2 |     1 |     4 |    14 |       ||    21
 Stab: Sleeping          |    16 |    39 |    35 |    67 |   122 |    96 |     6 ||   381
       Confused          |       |       |    16 |    47 |    94 |   127 |    12 ||   296
       Invisible         |       |       |     4 |    17 |   130 |   192 |     1 ||   344
       Distracted        |       |       |     1 |       |     3 |     7 |       ||    11
       Fleeing           |       |       |       |       |     2 |     1 |       ||     3
Armor: Robe              |    22 |    27 |     6 |    36 |   155 |   135 |       ||   381
       Steam dragon scal |       |       |    55 |       |       |       |       ||    55
       Ring mail         |       |       |       |       |       |    83 |     8 ||    91
Dodge: Dodged            |    69 |    68 |   161 |   155 |   914 |   710 |    11 ||  2088
Block: Buckler           |       |       |       |       |       |   168 |     2 ||   170

Table legend: (Time is in decaauts)
 A = Elapsed time spent in this place.
 B = Non-inter-level travel time spent in this place.
 C = Inter-level travel time spent in this place.
 D = Time resting spent in this place.
 E = Time spent auto-exploring this place.
 F = Levels seen in this place.
 G = Mean time per level.
                   A        B        C        D        E       F      G
               +--------+--------+--------+--------+--------+-----+--------+
         Total |  62113 |  57546 |   4567 |  20839 |  17150 |  36 | 1725.4 |
       Dungeon |  22062 |  19823 |   2239 |   5822 |   8789 |  15 | 1470.8 |
        Temple |     43 |     29 |     14 |      0 |     16 |   1 |   43.0 |
          Lair |  13819 |  12791 |   1028 |   4678 |   3963 |   6 | 2303.2 |
        Shoals |   4751 |   4466 |    285 |   1733 |    638 |   4 | 1187.8 |
     Snake Pit |  13466 |  13068 |    398 |   6434 |   2326 |   4 | 3366.5 |
  Orcish Mines |   3801 |   3357 |    444 |   1272 |    526 |   2 | 1900.5 |
   Elven Halls |   1953 |   1871 |     82 |    712 |    366 |   2 |  976.5 |
        Vaults |   2215 |   2142 |     73 |    188 |    525 |   2 | 1107.5 |
               +--------+--------+--------+--------+--------+-----+--------+

Top non-repeatable levels by time:
 Snake:3: 4181 daAuts
  Lair:2: 3937 daAuts
 Snake:4: 3821 daAuts
 Snake:2: 3315 daAuts
   Orc:2: 2621 daAuts
  Lair:5: 2580 daAuts
  Lair:6: 2347 daAuts
Shoals:1: 2150 daAuts
 Snake:1: 2148 daAuts
     D:9: 2134 daAuts
    D:14: 1975 daAuts
    D:11: 1946 daAuts
  Lair:1: 1863 daAuts
   Elf:1: 1837 daAuts
  Lair:3: 1815 daAuts
